 Dungeon Crawl Stone Soup version 0.31-a0-37-g98a128e1d9 (webtiles) character file.

Game seed: 3972254976822151846

1671 holysushi the Martial Artist (level 9, -8/57 HPs)
             Began as a Djinni Transmuter on May 15, 2023.
             Was a Priest of Lugonu.
             Mangled by an orc warrior
             ... wielding a +0 glaive
              (9 damage)
             ... on level 7 of the Dungeon.
             The game lasted 00:15:42 (8236 turns).

holysushi the Martial Artist (Djinni Transmuter)    Turns: 8236, Time: 00:15:43

Health: -8/57      AC:  2    Str:  9    XL:     9   Next: 21%
Gold:   248        EV: 22    Int: 20    God:    Lugonu [***...] SH:  0 Dex: 18

rFire   . .          .
                       - Unarmed
rCold   . . .        (shield currently unavailable)
rNeg    . . .        a - melded +1 robe
rPois   ∞            (helmet currently unavailable)
rElec   .            x - melded +0 cloak
rCorr   .            w - melded +0 pair of gloves
SInv    .            (boots unavailable)
Will    .....        (no amulet)
Stlth   ++           (no ring)
HPRegen 0.29/turn    (no ring)
MPRegen 0.00/turn

%: infuse magic (-9 HP)
@: spider-form (expiring), flying
A: venomous fangs, flying, sickness immunity, tiny, (fire resistance 2), (cold
vulnerability 1), float, innate caster, HP casting, extra vitality 1
a: End Transformation, Renounce Religion, Depart the Abyss, Banish


You were on level 7 of the Dungeon.
You worshipped Lugonu.
Lugonu was most pleased with you.
You were a venomous arachnid creature.
You visited 2 branches of the dungeon, and saw 9 of its levels.
You also visited: Ossuary.

You collected 248 gold pieces.

Inventory:

Hand Weapons
 o - a +2 dagger of electrocution
Armour
 a - a +1 robe (melded)
 w - a +0 pair of gloves (melded)
 x - a +0 cloak (melded)
Jewellery
 k - a ring of resist corrosion
 r - a +5 ring of evasion
Wands
 t - a wand of flame (12)
Scrolls
 d - 5 scrolls of vulnerability
 g - 2 scrolls of poison
 i - 4 scrolls of enchant armour
 l - 4 scrolls of fog
 m - 2 scrolls of teleportation
 n - 5 scrolls of identify
 p - 4 scrolls of amnesia
 u - a scroll of blinking {unknown}
 v - a scroll of enchant weapon
Potions
 b - 2 potions of lignification
 c - 2 potions of flight
 e - 2 potions of attraction
 f - 3 potions of curing
 h - 2 potions of might
 j - a potion of invisibility
 q - a potion of magic


   Skills:
 - Level 1.0 Fighting
 - Level 5.0 Dodging
 * Level 9.3 Unarmed Combat
 - Level 3.0 Spellcasting
 - Level 4.0 Invocations


You knew the following spells:

 Your Spells              Type           Power      Damage    Failure   Level
a - Beastly Appendage     Tmut           30%        N/A       13%         1
b - Wereblood             Tmut           15%        N/A       17%         2
c - Spider Form           Tmut/Pois      15%        N/A       28%         3
d - Ice Form              Ice/Tmut       15%        N/A       61%         4
e - Blink                 Tloc           30%        N/A       17%         2
f - Momentum Strike       Conj/Tloc      30%        3d8       17%         2
g - Iskenderun's Mystic   Conj/Tloc      15%        2d5       61%         4
z - Apportation           Tloc           30%        N/A       13%         1
Your spell library was empty.

Dungeon Overview and Level Annotations

Branches:
Dungeon (8/15) Zot: 26953  Temple (1/1) D:4 Zot: 5752 Ossuary (visited)
   Lair: D:8-11

Altars:
Ashenzari
Cheibriados
Dithmenos
Fedhas
Gozag
Hepliaklqana
Makhleb
Nemelex Xobeh
Okawaru
Ru
Trog
Uskayaw
Wu Jian
Xom
Yredelemnul
Zin
The Shining One
Lugonu

Shops:
D:1 (   D:7 *

Annotations:
D:5 1 exclusion


Innate Abilities, Weirdness & Mutations

You are a venomous arachnid creature.
You have venomous fangs.
You are tiny and dextrous.
You are flying.
Your spellcasting is less reliable in this form.
Your armour is entirely melded.
You are incapable of wielding weapons or throwing items.
You are immune to sickness and miasma.
You are immune to poison.
((Your flesh is very heat resistant. (rF++)))
((You are vulnerable to cold. (rC-)))
You float through the air rather than walking.
You learn spells naturally, not from books.
Your magical power is your life essence.
You have superior vitality. (+4 MHP)


Message History

The orc warrior hits your wight with a +0 glaive!
Your wight closely misses the orc warrior.
You bite the sleepcap!
You destroy the sleepcap!
Lugonu accepts your kill.
The orc warrior hits your wight with a +0 glaive.
Your wight is destroyed!
Aiming: Throw Flame
Press: ? - help, Shift-Dir - straight line, f - orc warrior
Aim: an orc warrior, wielding a +0 glaive and wearing a +0 chain mail (heavily wounded, unaware, hasn't noticed you, 64% to hit)
The puff of flame hits the orc warrior but does no damage.
The orc warrior is heavily wounded.
Aiming: Throw Flame
Press: ? - help, Shift-Dir - straight line, f/p - orc warrior
Aim: an orc warrior, wielding a +0 glaive and wearing a +0 chain mail (heavily wounded, 64% to hit)
The puff of flame misses the orc warrior.
Aiming: Throw Flame
Press: ? - help, Shift-Dir - straight line, f/p - orc warrior
Aim: an orc warrior, wielding a +0 glaive and wearing a +0 chain mail (heavily wounded, 64% to hit)
The puff of flame hits the orc warrior but does no damage.
The orc warrior is heavily wounded.
Your transformation is almost over.
Aiming: Charm
Press: ? - help, Shift-Dir - straight line, f/p - orc warrior
Aim: an orc warrior, wielding a +0 glaive and wearing a +0 chain mail (heavily wounded, chance to affect: 49%)
The orc warrior resists with some effort.
The orc warrior misses you.
Aiming: Charm
Press: ? - help, Shift-Dir - straight line, f/p - orc warrior
Aim: an orc warrior, wielding a +0 glaive and wearing a +0 chain mail (heavily wounded, chance to affect: 49%)
The orc warrior resists with some effort.
The orc warrior hits you from afar with a +0 glaive!
* * * LOW HITPOINT WARNING * * *
Aiming: Charm
Press: ? - help, Shift-Dir - straight line, f/p - orc warrior
Aim: an orc warrior, wielding a +0 glaive and wearing a +0 chain mail (heavily wounded, chance to affect: 49%)
The orc warrior resists with some effort.
The now-empty wand crumbles to dust.
The orc warrior hits you from afar with a +0 glaive!
You die...

..##... #
...#... ##.#
...... ###...#
#.... #.s.#
.##...####.###
........#o.#
#...#.z)..##
#...#.>)..##
............#
....#.§≈.≈≈.#
... #.≈...≈.#
. #.≈._.≈.#


You could see an orc warrior.

Vanquished Creatures
  Sigmund (D:5)
  Menkaure (D:5)
  An ogre (D:5)
  3 phantoms (D:5)
  A bullfrog (D:4)
  A gnoll sergeant (D:6)
  A scorpion (D:5)
  4 hounds (D:5)
  2 jellies
  2 orc priests (D:4)
  A sleepcap (D:7)
  2 orc wizards
  5 iguanas
  13 mummies (Ossuary)
  3 gnolls (D:6)
  6 adders
  2 ufetubi
  3 dart slugs
  12 orcs
  2 bats
  6 endoplasms
  2 giant cockroaches
  6 hobgoblins
  5 jackals
  7 kobolds
  4 quokkas
  7 ball pythons
  7 frilled lizards
  3 gnoll skeletons (Ossuary)
  11 goblins
  2 goblin skeletons (Ossuary)
  A kobold skeleton (Ossuary)
  2 orc skeletons (Ossuary)
  11 rat skeletons (Ossuary)
140 creatures vanquished.

Vanquished Creatures (collateral kills)
  2 wights (D:7)
2 creatures vanquished.

Vanquished Creatures (others)
  2 wights (D:7)
2 creatures vanquished.

Grand Total: 144 creatures vanquished

Notes
Turn   | Place    | Note
-------+----------+-------------------------------------------
     0 | D:1      | holysushi the Djinni Transmuter began the quest for the
                  | Orb.
     0 | D:1      | holysushi set off with the following spells memorised:
                  | Beastly Appendage, Wereblood, Spider Form, Ice Form.
     0 | D:1      | Reached XP level 1. HP: 17/17 MP: 0/0
    83 | D:1      | Found Yriuq's Antique Weapon Shop.
   240 | D:1      | Reached XP level 2. HP: 15/22 MP: 0/0
   988 | D:1      | Reached XP level 3. HP: 25/27 MP: 0/0
   988 | D:1      | Learned a level 1 spell: Apportation
  1376 | D:2      | Found a faded altar of an unknown god.
  1390 | D:2      | Prayed at the altar of an unknown god.
  1390 | D:2      | Became a worshipper of Lugonu the Unformed
  1390 | D:2      | Reached * piety under Lugonu
  1500 | D:2      | Reached skill level 4 in Unarmed Combat
  2001 | D:3      | Reached XP level 4. HP: 31/32 MP: 0/0
  3037 | D:3      | Reached ** piety under Lugonu
  3265 | D:3      | Reached XP level 5. HP: 25/37 MP: 0/0
  3265 | D:3      | Learned a level 2 spell: Blink
  3532 | D:4      | Reached skill level 1 in Invocations
  3900 | D:4      | Found a staircase to the Ecumenical Temple.
  3909 | D:4      | Found a sacrificial altar of Ru.
  4022 | D:4      | Reached skill level 5 in Unarmed Combat
  4022 | D:4      | Reached XP level 6. HP: 39/42 MP: 0/0
  4262 | D:4      | Reached XP level 7. HP: 44/47 MP: 0/0
  4262 | D:4      | Learned a level 2 spell: Momentum Strike
  4743 | Temple   | Entered the Ecumenical Temple
  5064 | D:5      | Entered Level 5 of the Dungeon
  5254 | D:5      | Found a blossoming altar of Fedhas.
  5328 | D:5      | Found a sand-covered staircase.
  5333 | Ossuary  | Entered an ossuary
  6163 | Ossuary  | Reached skill level 6 in Unarmed Combat
  6267 | Ossuary  | Reached *** piety under Lugonu
  6396 | D:5      | Noticed Menkaure
  6401 | D:5      | Killed Menkaure
  6402 | D:5      | Reached XP level 8. HP: 21/52 MP: 0/0
  7030 | D:5      | Noticed Sigmund
  7041 | D:5      | Killed Sigmund
  7042 | D:5      | Reached skill level 5 in Dodging
  7042 | D:5      | Reached skill level 7 in Unarmed Combat
  7541 | D:5      | Reached skill level 8 in Unarmed Combat
  7956 | D:6      | Found a burning altar of Makhleb.
  7986 | D:6      | Reached XP level 9. HP: 55/57 MP: 0/0
  7986 | D:6      | Learned a level 4 spell: Iskenderun's Mystic Blast
  8173 | D:6      | You are sucked into a shaft and drop 2 floors!
  8188 | D:7      | Found an opulent altar of Gozag.
  8196 | D:7      | Found Gozag's Platinum Reserve.
  8220 | D:7      | Reached skill level 9 in Unarmed Combat
  8235 | D:7      | HP: 1/57 [orc warrior/+0 glaive (14)]
  8236 | D:7      | Mangled by an orc warrior

Illustrated notes

Levels and vault maps discovered:
D:1:      ncdulo_halloftheorcs, layout_loops_ring, serial_shops, shop
D:2:      layout_basic, shapermc_ecumenical_altar_gd, minivault_25,
          nicolae_concentric_dashed_squares_wild
D:3:      minmay_wonky_spiral, layout_basic
D:4:      layout_loops_ring, mainiacjoe_overflow_alcove_4,
          minmay_temple_entry_mist
D:5:      layout_gridville, mainiacjoe_overflow_catwalk, enter_ossuary_5,
          kennysheep_cross_room, uniq_menkaure, uniq_sigmund
D:6:      layout_loops_ring, elyvilon_altar_4, nicolae_overflow_two_pavilions,
          ebering_ghost_sewer_d, serial_shops, shop, shop,
          nicolae_shop_real_fake_doors, corexii_shack
D:7:      layout_basic, nicolae_gozag_zags_fifth_avenue,
          mainiacjoe_overflow_surrounded_room, gammafunk_ghost_abyssal_escape,
          enter_bailey_5
D:8:      layout_cave_pools, tgw_kikubaaqudgha, serial_gnoll_camp,
          gnoll_camp_huts_moat, gnoll_camp_mini_hut, gnoll_camp_mini_loothouse,
          gnoll_camp_mini_doghouse, gnoll_camp_mini_hut
Temple:   eino_temple_water

Skill      XL: |  1  2  3  4  5  6  7  8  9 |
---------------+----------------------------+-----
Unarmed Combat | 4 5 6 8 9 |  9.3
Dodging        | 3 4 5 |  5.0
Spellcasting   | 2 3 |  3.0
Invocations    | 1 2 4 |  4.0
Fighting       | |  1.0

Action                     |  1- 3 |  4- 6 |  7- 9 || total
---------------------------+-------+-------+-------++-------
  Melee: Unarmed           |   123 |   124 |   246 ||   493
         Headbutt          |     6 |     7 |       ||    13
         Punch             |     2 |       |     1 ||     3
   Cast: Beastly Appendage |    17 |    14 |       ||    31
         Wereblood         |     3 |       |     2 ||     5
         Spider Form       |       |     7 |    33 ||    40
         Momentum Strike   |       |       |     7 ||     7
Ability: End Transformatio |       |       |     6 ||     6
  Evoke: Wand              |       |       |     9 ||     9
    Use: Scroll            |       |       |    15 ||    15
   Stab: Sleeping          |     1 |     2 |       ||     3
 Armour: Robe              |    14 |     7 |     1 ||    22
         Skin              |       |       |    14 ||    14
  Dodge: Dodged            |    72 |    94 |   151 ||   317

Table legend: (Time is in decaauts)
 A = Elapsed time spent in this place.
 B = Non-inter-level travel time spent in this place.
 C = Inter-level travel time spent in this place.
 D = Time resting spent in this place.
 E = Time spent auto-exploring this place.
 F = Levels seen in this place.
 G = Mean time per level.
                   A        B        C        D        E       F      G
               +--------+--------+--------+--------+--------+-----+--------+
         Total |   8189 |   7955 |    234 |   3048 |   2915 |  10 |  818.9 |
       Dungeon |   6894 |   6683 |    211 |   2537 |   2526 |   8 |  861.8 |
        Temple |    247 |    224 |     23 |      0 |    212 |   1 |  247.0 |
       Ossuary |   1046 |   1046 |      0 |    511 |    177 |   1 | 1046.0 |
               +--------+--------+--------+--------+--------+-----+--------+

Top non-repeatable levels by time:
     D:5: 1763 daAuts
     D:3: 1506 daAuts
     D:4: 1385 daAuts
     D:1: 1164 daAuts
 Ossuary: 1046 daAuts
     D:2: 804 daAuts
  Temple: 247 daAuts
     D:6: 210 daAuts
     D:7: 45 daAuts
     D:8: 14 daAuts
